 Dungeon Crawl Stone Soup version 0.28-a0-872-g80cf8599ee (webtiles) character file.

Game seed: 7166716498708457498

2033 croobank the Carver (level 8, -14/62 HPs)
             Began as a Demigod Delver on Nov 20, 2021.
             Demolished by a gnoll sergeant (25 damage)
             ... on level 6 of the Dungeon.
             The game lasted 00:32:22 (6733 turns).

croobank the Carver (Demigod Delver)                Turns: 6733, Time: 00:32:22

Health: -14/62     AC:  5    Str: 27    XL:     8   Next: 74%
Magic:  16/16      EV: 12    Int: 12    God:
Gold:   206        SH:  0    Dex: 21    Spells: 11/14 levels left

rFire   . . .      SeeInvis .   s - +0 great sword (chaos)
rCold   + . .      Faith    .   (shield currently unavailable)
rNeg    . . .      Spirit   .   B - +0 leather armour {rC+}
rPois   .          Reflect  .   (no helmet)
rElec   .          Harm     .   C - +1 cloak
rCorr   .          Rampage  .   (no gloves)
Will    .....                   (no boots)
Stlth   +++.......              (no amulet)
HPRegen 0.20/turn               q - +6 ring of dexterity
MPRegen 0.15/turn               r - +6 ring of strength

@: no status effects
A: high mp 1, forlorn
a: no special abilities


You were on level 6 of the Dungeon.
You visited 1 branch of the dungeon, and saw 6 of its levels.

You collected 206 gold pieces.

Inventory:

Hand Weapons
 f - a +3 dire flail of holy wrath
 l - a +0 broad axe
 s - a +0 great sword of chaos (weapon)
Missiles
 m - 213 stones (quivered)
 F - 8 atropa-tipped darts
Armour
 b - a +0 leather armour
 j - a +0 chain mail
 y - a +0 buckler
 B - a +0 leather armour of cold resistance (worn)
 C - a +1 cloak (worn)
 G - a +0 plate armour
Jewellery
 n - a ring of ice
 q - a +6 ring of dexterity (left hand)
 r - a +6 ring of strength (right hand)
 w - a ring of positive energy
Wands
 a - a wand of flame (11)
 g - a wand of digging (3)
 E - a wand of charming (17)
Scrolls
 c - a scroll of fog
 e - a scroll of fear
 p - a scroll of immolation {unknown}
 u - a scroll of enchant weapon {unknown}
 x - a scroll of silence {unknown}
 z - 2 scrolls of noise {unknown}
 A - 2 scrolls of amnesia {unknown}
 D - a scroll of acquirement {unknown}
Potions
 d - a potion of flight {unknown}
 h - a potion of ambrosia
 i - a potion of lignification {unknown}
 k - a potion of curing
 t - 2 potions of degeneration
 v - a potion of invisibility {unknown}


   Skills:
 - Level 2.9 Fighting
 + Level 8.3 Long Blades
 - Level 2.1 Axes
 - Level 1.3 Armour
 - Level 2.0 Dodging
 - Level 5.5 Stealth
 * Level 3.5 Spellcasting
 * Level 3.2 Hexes
 + Level 1.3 Earth Magic


You had 11 spell levels left.
You knew the following spells:

 Your Spells              Type           Power      Damage    Failure   Level
a - Shock                 Conj/Air       8%         1d3       26%         1
b - Ensorcelled Hibernat  Hex/Ice        10%        N/A       21%         2

Your spell library contained the following spells:

 Spells                   Type           Power      Damage    Failure   Level
 Tukima's Dance           Hex            9%         N/A       21%         3
 Summon Small Mammal      Summ           8%         N/A       26%         1
 Sublimation of Blood     Necr           2%         N/A       36%         2
 Summon Guardian Golem    Hex/Summ       5%         N/A       38%         3
 Call Canine Familiar     Summ           2%         N/A       61%         3
 Swiftness                Air            2%         N/A       61%         3
 Petrify                  Tmut/Erth      3%         N/A       89%         4
 Airstrike                Air            1%         N/A       95%         4
 Irradiate                Conj/Tmut      1%         3d14      100%        5


Dungeon Overview and Level Annotations

Branches:
Dungeon (6/15)
 Temple: D:4-7

Annotations:
D:6 1 transporter


Innate Abilities, Weirdness & Mutations

Your attributes grow dramatically as you level up.
You have an increased reservoir of magic. (+10% MP)
You shall have no god before yourself.


Message History

There are no items here.
A gnoll and a gnoll sergeant come into view.
Okay, then.
You see here 12 stones.
m - 213 stones (gained 12)
A gnoll comes into view.
It is wielding a +0 flail. 2 gnolls come into view.
The gnoll shouts! x2
The gnoll shouts!
The gnoll sergeant hits you with a +0 trident.
The gnoll shouts!
You hit the gnoll sergeant.
The gnoll sergeant is lightly wounded.
The gnoll barely misses you.
The gnoll sergeant hits you with a +0 trident.
The gnoll misses you.
You barely miss the gnoll sergeant.
The gnoll sergeant is lightly wounded.
The gnoll sergeant hits you with a +0 trident!
The gnoll hits you from afar with a +0 spear.
You slash the gnoll sergeant!
The gnoll sergeant is heavily wounded.
The gnoll sergeant hits you with a +0 trident.
The gnoll misses you.
You hit the gnoll sergeant.
The gnoll sergeant is heavily wounded.
The gnoll sergeant hits you with a +0 trident!
The gnoll hits you from afar with a +0 spear.
The gnoll sergeant hits you with a +0 trident.
The gnoll misses you.
You hit the gnoll sergeant but do no damage.
The gnoll sergeant goes berserk!
The gnoll sergeant is heavily wounded.
The gnoll sergeant hits you with a +0 trident!!
* * * LOW HITPOINT WARNING * * *
The gnoll closely misses you. The gnoll sergeant closely misses you.
You slice the gnoll sergeant!!
The gnoll sergeant is almost dead.
The gnoll sergeant hits you with a +0 trident!!
You die...

#.........
#...######
######.##
#..<...#
#.####.# #.#
#.# #.# #.#
#.########.#
#.#
#ggggg@....#
#.#
############
#.# ..


You could see a gnoll sergeant (berserk) and 4 gnolls.

Vanquished Creatures
  Pikel (D:6)
  Edmund (D:4)
  2 orc warriors
  A necrophage (D:6)
  3 centaurs
  An ogre (D:6)
  2 lemures (D:6)
  2 scorpions
  A water moccasin zombie (D:5)
  A water moccasin skeleton (D:5)
  A vampire bat (D:3)
  2 bullfrog skeletons
  4 orc priests (D:6)
  2 hounds
  A jelly (D:4)
  An iguana (D:5)
  3 orc wizards (D:6)
  2 hound skeletons (D:4)
  3 gnolls (D:5)
  6 adders
  A white imp (D:6)
  2 ufetubi
  2 dart slugs
  10 orcs
  14 bats
  4 endoplasms
  3 giant cockroaches
  10 goblins
  8 hobgoblins
  9 quokkas
  11 ball pythons
  3 frilled lizards
  5 kobolds
  9 rats
131 creatures vanquished.

Notes
Turn   | Place    | Note
-------+----------+-------------------------------------------
     0 | D:5      | croobank the Demigod Delver began the quest for the Orb.
     0 | D:5      | Reached XP level 1. HP: 18/18 MP: 3/3
   509 | D:1      | Reached XP level 2. HP: 18/25 MP: 4/4
   512 | D:1      | Reached skill level 5 in Stealth
  1000 | D:1      | Reached XP level 3. HP: 28/30 MP: 5/5
  1646 | D:2      | Reached skill level 1 in Armour
  2457 | D:3      | Reached XP level 4. HP: 34/37 MP: 7/7
  2460 | D:3      | Reached skill level 1 in Long Blades
  2590 | D:3      | Reached skill level 1 in Spellcasting
  2632 | D:3      | Reached skill level 1 in Earth Magic
  2632 | D:3      | Reached XP level 5. HP: 25/44 MP: 9/9
  3212 | D:4      | Noticed Edmund
  3219 | D:4      | Killed Edmund
  3220 | D:4      | Reached skill level 2 in Long Blades
  3221 | D:4      | Reached skill level 3 in Long Blades
  3263 | D:4      | Reached XP level 6. HP: 29/50 MP: 10/10
  3575 | D:4      | Learned a level 1 spell: Shock
  3764 | D:4      | Reached skill level 4 in Long Blades
  3940 | D:4      | You fall into a shaft and drop 2 floors!
  4620 | D:5      | Reached skill level 1 in Hexes
  4620 | D:5      | Reached XP level 7. HP: 24/56 MP: 13/13
  4921 | D:5      | Reached skill level 5 in Long Blades
  5612 | D:5      | Learned a level 2 spell: Ensorcelled Hibernation
  5747 | D:6      | Reached skill level 6 in Long Blades
  5805 | D:6      | Reached XP level 8. HP: 33/62 MP: 15/15
  5868 | D:6      | Reached skill level 7 in Long Blades
  6190 | D:6      | Found a transporter.
  6190 | D:6      | Noticed a komodo dragon
  6192 | D:6      | Noticed a two-headed ogre
  6496 | D:6      | Noticed Pikel
  6502 | D:6      | Killed Pikel
  6503 | D:6      | Reached skill level 8 in Long Blades
  6733 | D:6      | Demolished by a gnoll sergeant

Illustrated notes

Levels and vault maps discovered:
D:1:      amcnicky_arrival_wind_blow, layout_rooms,
          ebering_ecumenical_altar_mist
D:2:      layout_loops_corners, kennysheep_generic_room_7
D:3:      layout_loops_ring, roderic_batcave
D:4:      layout_basic, uniq_edmund
D:5:      layout_loops_ring, lemuel_doored_altar, overflow_temple_1_default,
          nicolae_overflow_hidden_temple
D:6:      layout_loops_ring, grunt_nemelex_the_gamble,
          nicolae_ossuary_entry_false_entrances, portal_sewer_entry_f,
          uniq_pikel

Skill      XL: |  1  2  3  4  5  6  7  8 |
---------------+-------------------------+-----
Stealth        | 5 |  5.5
Axes           | 2 |  2.1
Armour         | 1 |  1.3
Long Blades    | 1 3 4 6 8 |  8.3
Spellcasting   | 1 2 3 |  3.5
Earth Magic    | 1 |  1.3
Dodging        | 2 |  2.0
Hexes          | 1 2 3 |  3.2
Fighting       | |  2.9

Action                   |  1- 3 |  4- 6 |  7- 9 || total
-------------------------+-------+-------+-------++-------
Melee: Hand axe          |   115 |       |       ||   115
       Long sword        |    27 |    12 |       ||    39
       Great sword       |       |    55 |   116 ||   171
Throw: Stone             |       |     2 |       ||     2
  Use: Scroll            |     4 |     1 |     4 ||     9
       Potion            |       |     4 |     4 ||     8
 Stab: Sleeping          |    20 |    12 |     4 ||    36
       Distracted        |       |     1 |     1 ||     2
Armor: Leather armour    |    37 |    18 |    24 ||    79
Dodge: Dodged            |    94 |    57 |    86 ||   237

Table legend: (Time is in decaauts)
 A = Elapsed time spent in this place.
 B = Non-inter-level travel time spent in this place.
 C = Inter-level travel time spent in this place.
 D = Time resting spent in this place.
 E = Time spent auto-exploring this place.
 F = Levels seen in this place.
 G = Mean time per level.
                   A        B        C        D        E       F      G
               +--------+--------+--------+--------+--------+-----+--------+
         Total |   6815 |   6668 |    147 |   1530 |   3646 |   6 | 1135.8 |
       Dungeon |   6815 |   6668 |    147 |   1530 |   3646 |   6 | 1135.8 |
               +--------+--------+--------+--------+--------+-----+--------+

Top non-repeatable levels by time:
     D:4: 1614 daAuts
     D:5: 1104 daAuts
     D:6: 1102 daAuts
     D:2: 1061 daAuts
     D:1: 1000 daAuts
     D:3: 932 daAuts
